 Dungeon Crawl Stone Soup version 0.27-a0-1140-g099f9bb0e8 (webtiles) character file.

Game seed: 9512508572286192289

228 Froggeryz the Cudgeller (level 5, -6/43 HPs)
             Began as a Palentonga Chaos Knight on May 10, 2021.
             Was a Plaything of Xom.
             Mangled by a scorpion (11 damage)
             ... on level 3 of the Dungeon.
             The game lasted 00:02:48 (2200 turns).

Froggeryz the Cudgeller (Palentonga Chaos Knight)   Turns: 2200, Time: 00:02:49

Health: -6/43      AC:  6    Str: 16      XL:     5   Next: 71%
Magic:  14/14      EV:  9    Int: 12 (13) God:    Xom [.*....]
Gold:   80         SH:  0    Dex:  9      Spells: 4/4 levels left

rFire    . . .     SeeInvis +   a - +0 mace (chaos)
rCold    . . .     Faith    .   (no shield)
rNeg     . . .     Spirit   .   b - +2 leather armour
rPois    .         Reflect  .   (no helmet)
rElec    .         Harm     .   (no cloak)
rCorr    .         Rampage  .   (no gloves)
Will     .....                  (no barding)
Stlth    +.........             e - amulet of regeneration
HPRegen  1.14/turn              d - ring of magical power
MPRegen  0.14/turn              (no ring)

@: brilliant, lethally poisoned (-6 -> -12)
A: large, rugged brown scales 3, see invisible, deformed body, roll 1, armoured
tail
a: Rolling Charge, Renounce Religion


You were on level 3 of the Dungeon.
You worshipped Xom.
You were a plaything of Xom.
You visited 1 branch of the dungeon, and saw 3 of its levels.

You collected 80 gold pieces.

Inventory:

Hand Weapons
 a - a +0 mace of chaos (weapon)
Armour
 b - a +2 leather armour (worn)
 i - a +0 scale mail
Jewellery
 d - a ring of magical power (left hand)
 e - an amulet of regeneration (around neck)
Scrolls
 f - 2 scrolls of identify
Potions
 g - 2 potions of degeneration


   Skills:
 - Level 3.0 Fighting
 * Level 6.5 Maces & Flails
 - Level 1.5 Armour
 - Level 0.7 Dodging


You had 4 spell levels left.
You didn't know any spells.
Your spell library was empty.

Dungeon Overview and Level Annotations

Branches:
Dungeon (3/15)

Altars:
Elyvilon
Trog


Innate Abilities, Weirdness & Mutations

You are completely covered in rugged brown scales. (AC +3, +7% HP)
You have supernaturally acute eyesight. (SInv)
Armour fits poorly on your strangely shaped body.
You can roll at nearby foes to attack.
You have a long armoured tail.


Message History

Xom calls forth mighty explosions.
The fireball engulfs the scorpion!
You barely miss the scorpion.
The scorpion is severely wounded.
The scorpion barely misses you.
A goblin comes into view. It is wielding a +0 club.
The goblin shouts!
You hit the scorpion but do no damage.
The scorpion is severely wounded.
The scorpion completely misses you.
You hit the scorpion but do no damage.
The scorpion goes berserk!
The scorpion is severely wounded.
The scorpion stings you! x2
You are poisoned.
The scorpion poisons you!
You hit the scorpion but do no damage.
Space bends around the scorpion.
Your tail-slap misses the scorpion.
The scorpion is severely wounded.
You feel very sick. The scorpion stings you. The scorpion stings you!
You are lethally poisoned!
The scorpion poisons you!
A rat comes into view.
Okay, then.
Okay, then.
It was a potion of brilliance.
You feel clever all of a sudden.
Xom roars with laughter!
* * * LOW HITPOINT WARNING * * *
You feel very sick.
The scorpion stings you but does no damage.
The scorpion completely misses you.
As you read the scroll labelled UKKOGG ATYNI, it crumbles to dust.
It is a scroll of identify.
You don't have any unidentified items.
* * * LOW HITPOINT WARNING * * *
You feel very sick. The scorpion stings you!
You die...
Xom chuckles heartily!

#.# ### ... ...
#.# #####.### #.#
#...r.... #.#
#s..g.... #.#
#@...........
#.###
#........... ##
#####...#
#####..###.. ..
........####### #
...... .#
...##.#.......#
#. ##.# .#
#####.#.......###
##..###.###.#..
.................
...............
..###.#..†#######
..##......#..
#.#.#.## #..###.#


You could see a scorpion (berserk), a goblin and a rat.

Vanquished Creatures
  Sigmund (D:2)
  2 adders (D:2)
  2 worms
  2 orcs (D:2)
  4 ball pythons
  5 endoplasms
  2 giant cockroaches
  7 goblins
  4 hobgoblins
  2 quokkas
  5 bats
  3 frilled lizards
  4 kobolds
  A rat (D:3)
44 creatures vanquished.

Notes
Turn   | Place    | Note
-------+----------+-------------------------------------------
     0 | D:1      | Froggeryz the Palentonga Chaos Knight began the quest for
                  | the Orb.
     0 | D:1      | Reached XP level 1. HP: 19/19 MP: 1/1
     2 | D:1      | XOM: silly message
   109 | D:1      | XOM: divination: detect items
   497 | D:1      | Found a faded altar of an unknown god.
   571 | D:1      | Reached XP level 2. HP: 25/25 MP: 2/2
   766 | D:1      | XOM: silly message
   830 | D:1      | XOM: polymorph frilled lizard -> bat
  1112 | D:1      | Reached skill level 4 in Maces & Flails
  1124 | D:2      | You fall into a shaft and drop 1 floor!
  1205 | D:3      | Found a bloodstained altar of Trog.
  1221 | D:3      | Reached XP level 3. HP: 27/31 MP: 3/3
  1388 | D:2      | XOM is BORED!
  1388 | D:2      | XOM: 8-stop teleportation journey
  1428 | D:2      | XOM: summons 2 hostile demons
  1682 | D:2      | Noticed Sigmund
  1738 | D:2      | XOM: 1-stop teleportation journey
  1752 | D:2      | XOM: enchant monster (bad)
  1757 | D:2      | XOM: confusion (+ monsters)
  1768 | D:2      | XOM: enchant monster (bad)
  1773 | D:2      | Killed Sigmund
  1774 | D:2      | Reached skill level 6 in Maces & Flails
  1774 | D:2      | Reached XP level 4. HP: 32/37 MP: 4/4
  1774 | D:2      | Reached XP level 5. HP: 37/43 MP: 5/5
  2178 | D:3      | Found a white marble altar of Elyvilon.
  2193 | D:3      | XOM: 3-stop teleportation journey
  2194 | D:3      | XOM: destruction
  2200 | D:3      | Mangled by a scorpion

Illustrated notes

Levels and vault maps discovered:
D:1:      ncdulo_wetmaze, layout_loops_ring,
          shapermc_ecumenical_altar_mp_vishouse, chequers_mini_garden
D:2:      layout_loops_ring, minmay_tetromino_o2, uniq_sigmund
D:3:      layout_basic, overflow_temple_1_default, lemuel_crystal_altar,
          overflow_temple_1_default

Skill      XL: |  1  2  3 |
---------------+----------+-----
Maces & Flails | 4 6 |  6.5
Fighting       | |  3.0
Armour         | |  1.5
Dodging        | |  0.7

Action                   |  1- 3 |  4- 6 || total
-------------------------+-------+-------++-------
Melee: Mace              |   123 |    24 ||   147
       Tailslap          |    10 |     2 ||    12
  Use: Scroll            |     4 |     1 ||     5
       Potion            |     2 |     1 ||     3
Armor: Leather armour    |    64 |     8 ||    72
Dodge: Dodged            |    68 |    11 ||    79

Table legend: (Time is in decaauts)
 A = Elapsed time spent in this place.
 B = Non-inter-level travel time spent in this place.
 C = Inter-level travel time spent in this place.
 D = Time resting spent in this place.
 E = Time spent auto-exploring this place.
 F = Levels seen in this place.
 G = Mean time per level.
                   A        B        C        D        E       F      G
               +--------+--------+--------+--------+--------+-----+--------+
         Total |   2236 |   2185 |     51 |    282 |   1478 |   3 |  745.3 |
       Dungeon |   2236 |   2185 |     51 |    282 |   1478 |   3 |  745.3 |
               +--------+--------+--------+--------+--------+-----+--------+

Top non-repeatable levels by time:
     D:2: 1055 daAuts
     D:1: 879 daAuts
     D:3: 302 daAuts
